 Dungeon Crawl Stone Soup version 0.16-a0-2934-g71f8417 (webtiles) character file.

45 Kemay the Ducker (level 3, -6/23 HPs)
             Began as an Octopode Transmuter on Dec 3, 2014.
             Mangled by a wight
             ... wielding a +1 halberd
              (9 damage)
             ... on level 3 of the Dungeon.
             The game lasted 00:04:23 (1444 turns).

Kemay the Ducker (Octopode Transmuter)              Turns: 1444, Time: 00:04:23

Health: -6/23      AC:  1    Str:  9    XL:     3   Next: 64%
Magic:  5/6        EV: 13    Int: 15    God:
Gold:   66         SH:  0    Dex: 13    Spells: 1 memorised, 5 levels left

rFire  . . .     SeeInvis .     f - +0 spear
rCold  . . .     Clarity  .     (no shield)
rNeg   . . .     SustAb   .     (helmet restricted)
rPois  .         Gourm    .     (no amulet)
rElec  .         Spirit   .     (no ring)
rCorr  .         Warding  .     (no ring)
rMut   .         Stasis   .     (no ring)
MR     .....                    (no ring)
Stlth  ++........               (no ring)
                                (no ring)
                                (no ring)
                                (no ring)

@: appendage (expiring), drained, not resistant to hostile enchantments,
unstealthy
A: almost no armour, amphibious, 8 rings, constrict 8, tentacle spike 3,
camouflage 1, gelatinous body 1
a: End Transformation


You were on level 3 of the Dungeon.
You were not hungry.
One of your tentacles had a temporary spike.
You visited 1 branch of the dungeon, and saw 3 of its levels.

You collected 66 gold pieces.

Inventory:

Hand weapons
 f - a +0 spear (weapon)
Scrolls
 c - a scroll of enchant armour
 g - a scroll of remove curse
 k - a scroll of amnesia
Potions
 e - a potion of magic {unknown}
 h - 2 potions of might
 i - a potion of cure mutation {unknown}
 l - a potion of agility {unknown}
Books
 d - a book of Changes

   Spells                             Type                      Level
   a - Beastly Appendage              Transmutation                1
   b - Sticks to Snakes               Transmutation                2
   c - Spider Form                    Transmutation/Poison         3
   d - Ice Form                       Ice/Transmutation            4
   e - Blade Hands                    Transmutation                5
Comestibles
 a - 2 bread rations
 b - a beef jerky
 j - a chunk of flesh


   Skills:
 - Level 1.0(0.6) Fighting
 + Level 3.9(3.5) Dodging
 - Level 3.0(2.6) Unarmed Combat
 - Level 2.0(1.6) Spellcasting
 - Level 2.0(1.6) Transmutations


You had 5 spell levels left.
You knew the following spells:

 Your Spells              Type           Power        Failure   Level  Hunger
a - Beastly Appendage     Trmt           #.....       12%         1    ##.....


Dungeon Overview and Level Annotations

Branches:
Dungeon (3/15)

Altars:


Innate Abilities, Weirdness & Mutations

You cannot wear most types of armour.
You are amphibious.
You can wear up to eight rings at the same time.
You can use your tentacles to constrict many enemies at once.
Your skin changes colour to match your surroundings (Stealth).
Your rubbery body absorbs attacks (AC +1).
One of your tentacles bears a large vicious spike.


Message History

You barely miss the wight.
You pierce the wight, but do no damage.
The wight is moderately damaged.
You constrict the wight, but do no damage.
The wight hits you with a great sword!
You feel drained.
The wight hits you from afar with an enchanted halberd.
* * * LOW HITPOINT WARNING * * *
You hit the wight but do no damage.
You squeeze the wight, but do no damage.
The wight is moderately damaged.
You constrict the wight, but do no damage.
The wight misses you. x2
You hit the wight.
You pierce the wight, but do no damage.
The wight is heavily damaged.
You constrict the wight. The wight barely misses you.
You hit the wight but do no damage.
Your tentacle spike misses the wight.
The wight is severely damaged.
Your transformation is almost over.
You constrict the wight.
The wight hits you from afar with an enchanted halberd!
You die...

# .. #.
#. ##.
##..##
##....##
#..(...#
#...@#
##.z##
##z #z
#. .. .<
.#


You could see 3 wights.

Vanquished Creatures
  An adder (D:2)
  A worm (D:2)
  5 bats (D:1)
  2 giant cockroaches
  5 goblins
  5 hobgoblins (D:1)
  2 ball pythons (D:1)
  2 giant newts (D:1)
  6 kobolds
  4 rats
33 creatures vanquished.

Notes
Turn   | Place    | Note
--------------------------------------------------------------
     0 | D:1      | Kemay, the Octopode Transmuter, began the quest for the Orb.
     0 | D:1      | Reached XP level 1. HP: 13/13 MP: 3/3
   153 | D:1      | Reached XP level 2. HP: 11/18 MP: 2/4
   505 | D:1      | Reached XP level 3. HP: 16/23 MP: 6/6
  1435 | D:2      | You fall through a shaft!
  1444 | D:3      | Mangled by a wight

Action                   || total
-------------------------++-------
Melee: Unarmed           ||    19
       Spear             ||    59
 Cast: Beastly Appendage ||    11
  Use: Scroll            ||     6
 Stab: Sleeping          ||     5
  Eat: Chunk             ||     2
